St.Louis Blues vs Nashville Predators
Created - Saturday, October 5, 2024 at 07:01
Goals
|
| St.Louis Blues |
3 |
1 |
2 |
0 |
6 |
| Nashville Predators |
1 |
0 |
5 |
1 |
7 |
|
Shots
|
| St.Louis Blues |
11 |
8 |
21 |
0 |
40 |
| Nashville Predators |
6 |
12 |
17 |
1 |
36 |
|
1st period
1. St.Louis Blues , Robert Thomas 16 (Jake Guentzel 28, Tage Thompson 12) at 11:47
2. St.Louis Blues , Alex Tuch 10 (Elias Lindholm 21, Tage Thompson 13) at 12:22
3. Nashville Predators , Brett Leason 6 (Colton Sissons 23, Jordan Harris 9) at 14:58 (SH)
4. St.Louis Blues , Dakota Joshua 3 (Lars Eller 2) at 17:19
Penalties :
Pius Suter (NSH) for Holding (Minor) at 0:13, Parker Wotherspoon (NSH) for Delaying the game (Minor) at 14:25, Logan O'Connor (STL) for Holding (Minor) at 17:41
2nd period
5. St.Louis Blues , Robert Thomas 17 (Tage Thompson 14, Jake Guentzel 29) at 14:55
Penalties :
Tage Thompson (STL) for Hooking (Minor) at 4:22
3rd period
6. Nashville Predators , Colton Sissons 15 (Max Pacioretty 18) at 1:02
7. Nashville Predators , Thomas Novak 10 (Zach Benson 10, Michael Carcone 12) at 3:25
8. St.Louis Blues , Elias Pettersson 15 (Robert Thomas 26, Jake Guentzel 30) at 3:52 (PP)
9. St.Louis Blues , Jack Eichel 7 (Colton Parayko 16) at 4:10
10. Nashville Predators , Max Pacioretty 15 (Pius Suter 11, Parker Wotherspoon 11) at 15:36
11. Nashville Predators , Brett Leason 7 (Colton Sissons 24, Artem Zub 9) at 16:42 (SH)
12. Nashville Predators , Colton Sissons 16 (Artem Zub 10) at 16:58 (SH)
Penalties :
Parker Wotherspoon (NSH) for High sticking (Minor) at 3:43, Dante Fabbro (NSH) for Roughing (Minor) at 16:20
Overtime #1
13. Nashville Predators , Tyson Foerster 11 (Colton Sissons 25) at 0:06
Penalties :
No Penalty
Goalie Stats
Scott Wedgewood (STL), 29 saves from 36 shots - (0.806), OTL, 6-4-5, 60:06 minutes
Anthony Stolarz (NSH), 34 saves from 40 shots - (0.850), W, 6-7-1, 60:06 minutes
Players Stats for St.Louis Blues
Player Name G A P +/- PIM S H SB GA TA FO MP PP MP PK MP
------------------------------------------------------------------------------------
Alex Pietrangelo 0 0 0 1 0 1 3 1 0 1 0/0 24:22 1:28 0:00
Alex Tuch 1 0 1 1 0 3 1 0 1 1 0/0 14:30 1:28 0:00
Claude Giroux 0 0 0 -2 0 3 1 0 1 0 5/7 16:05 4:38 0:00
Colton Parayko 0 1 1 2 0 3 3 4 0 0 0/0 23:30 0:00 1:57
Dakota Joshua 1 0 1 1 0 1 2 0 0 0 1/1 8:09 0:00 1:48
Elias Lindholm 0 1 1 1 0 4 0 1 0 0 2/3 15:14 1:37 1:48
Elias Pettersson 1 0 1 -5 0 4 4 0 1 2 0/0 23:48 4:29 0:38
Jaccob Slavin 0 0 0 0 0 1 1 2 1 1 0/0 17:05 0:00 2:01
Jack Eichel 1 0 1 -5 0 7 1 0 2 0 13/30 22:42 4:38 0:00
Jake Guentzel 0 3 3 -2 0 1 2 0 0 0 1/3 17:05 4:29 0:00
Jake Sanderson 0 0 0 -1 0 0 0 1 0 0 0/0 17:23 0:00 1:57
Lars Eller 0 1 1 1 0 2 0 0 0 0 4/4 8:35 0:00 1:55
Logan O'Connor 0 0 0 1 2 0 2 1 0 0 0/0 7:46 0:00 0:58
Mark Stone 0 0 0 -1 0 4 1 1 0 0 0/2 20:28 1:37 0:00
Mikhail Sergachev 0 0 0 0 0 0 0 1 0 1 0/0 11:43 0:00 0:00
Nick Leddy 0 0 0 0 0 0 1 0 0 0 0/0 13:49 0:00 2:01
Robert Thomas 2 1 3 -2 0 6 0 0 1 0 9/12 18:37 4:29 0:49
Tage Thompson 0 3 3 1 2 0 3 0 1 0 0/1 15:33 1:37 0:00
Players Stats for Nashville Predators
Player Name G A P +/- PIM S H SB GA TA FO MP PP MP PK MP
------------------------------------------------------------------------------------
Artem Zub 0 2 2 3 0 3 4 0 0 1 0/0 23:31 1:52 4:13
Brett Leason 2 0 2 2 0 2 2 1 0 0 0/0 16:07 0:00 3:08
Colton Sissons 2 3 5 4 0 6 1 0 1 1 9/17 19:10 2:00 3:08
Dante Fabbro 0 0 0 1 2 0 1 1 0 1 0/0 19:15 1:52 1:25
Henri Jokiharju 0 0 0 1 0 0 0 2 0 1 0/0 19:32 0:00 1:26
Jack Drury 0 0 0 -1 0 1 0 0 1 0 2/8 12:05 0:00 0:00
Jordan Harris 0 1 1 1 0 0 0 1 0 0 0/0 18:35 0:00 3:21
Josh Doan 0 0 0 -1 0 1 0 0 0 0 1/1 12:05 0:00 0:00
Leo Carlsson 0 0 0 -1 0 3 1 1 0 0 1/2 13:22 0:00 0:00
Mattias Samuelsson 0 0 0 -1 0 0 1 1 0 0 0/0 18:42 2:06 0:00
Max Pacioretty 1 1 2 0 0 3 3 0 0 0 0/1 15:17 2:00 0:00
Michael Carcone 0 1 1 0 0 2 0 1 0 0 0/0 10:42 0:00 0:00
Parker Wotherspoon 0 1 1 -1 4 2 0 1 1 2 0/0 21:33 2:06 1:47
Pius Suter 0 1 1 0 2 3 2 1 0 1 0/0 15:22 1:58 0:00
Ryan Johansen 0 0 0 -1 0 4 2 0 1 0 12/25 17:54 1:58 2:58
Thomas Novak 1 0 1 0 0 1 0 0 2 0 2/6 10:42 0:00 0:00
Tyson Foerster 1 0 1 0 0 4 1 0 0 0 1/3 17:53 2:00 2:58
Zach Benson 0 1 1 0 0 1 0 1 0 1 0/0 12:27 1:58 0:00
3 Stars
1 - Colton Sissons (NSH)
2 - Brett Leason (NSH)
3 - Artem Zub (NSH)
Power Play
St.Louis Blues - 1 on 4 Attempt(s) - 25.00%
Nashville Predators - 0 on 2 Attempt(s) - 0.00%
Penalty Kill
St.Louis Blues - 2 on 2 Attempt(s) - 100.00%
- Score 0 goal in Penalty Kill
Nashville Predators - 3 on 4 Attempt(s) - 75.00%
- Score 3 goal in Penalty Kill
Team Stat
St.Louis Blues - Hits : 25 - Faceoff Wins : 35 - Blocked Shots : 12 - Penalty Minutes : 4
Nashville Predators - Hits : 18 - Faceoff Wins : 28 - Blocked Shots : 11 - Penalty Minutes : 8
Official
Referees : Chris Rooney and Frederick L'Ecuyer
Linesman : Julien Fournier and Dan Kelly
Game Notes
No Game Note
Finance
Level 1 -- Attendance: 5042 (84.03%) -- Ticket Income $504,200
Level 2 -- Attendance: 3720 (74.40%) -- Ticket Income $223,200
Level 3 -- Attendance: 2195 (73.17%) -- Ticket Income $76,825
Level 4 -- Attendance: 3451 (69.02%) -- Ticket Income $86,275
Luxury Box -- Attendance: 774 (77.40%) -- Ticket Income $154,800
Game was played at the Bridgestone Arena.
Total Attendance: 15182 (75.91%)
Total Ticket Income: $1,045,300
Other Income: $365,855
Total Income: $1,411,155
St.Louis Blues
5 vs 5 Forward
Center Left Wing Right Wing Time % Phy DF OF
1 Jack Eichel Elias Pettersson Mark Stone 40 0 2 3
2 Robert Thomas Jake Guentzel Tage Thompson 30 0 2 3
3 Claude Giroux Alex Tuch Elias Lindholm 25 0 3 2
4 Lars Eller Dakota Joshua Logan O'Connor 5 2 2 1
5 vs 5 Defense
Defense Defense Time % Phy DF OF
1 Colton Parayko Alex Pietrangelo 45 1 2 2
2 Jake Sanderson Jaccob Slavin 35 1 2 2
3 Mikhail Sergachev Nick Leddy 20 1 2 2
4 Nick Leddy Colton Parayko 0 1 2 2
PowerPlay Forward
Center Left Wing Right Wing Time % Phy DF OF
1 Robert Thomas Elias Pettersson Jake Guentzel 60 1 0 4
2 Elias Lindholm Tage Thompson Mark Stone 40 1 0 4
PowerPlay Defense
Defense Defense Time % Phy DF OF
1 Jack Eichel Claude Giroux 60 0 1 4
2 Alex Tuch Alex Pietrangelo 40 0 1 4
Penalty Kill 4 Players Forward
Center Wing Time % Phy DF OF
1 Lars Eller Logan O'Connor 50 1 4 0
2 Elias Lindholm Dakota Joshua 50 1 4 0
Penalty Kill 4 Players Defense
Defense Defense Time % Phy DF OF
1 Jake Sanderson Colton Parayko 50 1 4 0
2 Jaccob Slavin Nick Leddy 50 1 4 0
Penalty Kill - 3 Players Forward
Forward Time % Phy DF OF
1 Elias Lindholm 50 0 5 0
2 Lars Eller 50 0 5 0
Penalty Kill - 3 Players Defense
Defense Defense Time % Phy DF OF
1 Jake Sanderson Colton Parayko 50 0 5 0
2 Nick Leddy Jaccob Slavin 50 0 5 0
4 vs 4 Forward
Center Wing Time % Phy DF OF
1 Jack Eichel Elias Pettersson 50 0 2 3
2 Robert Thomas Jake Guentzel 50 0 2 3
4 vs 4 Defense
Defense Defense Time % Phy DF OF
1 Jake Sanderson Alex Pietrangelo 50 1 2 2
2 Colton Parayko Jaccob Slavin 50 1 2 2
Last Minutes Offensive
Center Left Wing Right Wing Defense Defense
Robert Thomas Elias Pettersson Jake Guentzel Jack Eichel Claude Giroux
Last Minutes Defensive
Center Left Wing Right Wing Defense Defense
Lars Eller Logan O'Connor Elias Lindholm Jake Sanderson Colton Parayko
Goaltenders
Starting : Scott Wedgewood
Backup : Connor Hellebuyck
Extra Forwards
Normal : Robert Thomas, Jake Guentzel, Tage Thompson - PP : Mark Stone, Dakota Joshua - PK : Robert Thomas
Extra Defensemen
Normal : Jake Sanderson, Colton Parayko, Jaccob Slavin - PP : Mikhail Sergachev - PK : Jaccob Slavin, Colton Parayko
Penalty Shots
Elias Pettersson, Tage Thompson, Alex Tuch, Jack Eichel, Jake Guentzel
Scratches
Yanni Gourde (Healthy), Colin Blackwell (Healthy), Adam Pelech (Healthy)
Nashville Predators
5 vs 5 Forward
Center Left Wing Right Wing Time % Phy DF OF
1 Colton Sissons Max Pacioretty Pius Suter 27 1 2 2
2 Ryan Johansen Leo Carlsson Tyson Foerster 27 0 2 3
3 Jack Drury Brett Leason Josh Doan 25 0 2 3
4 Thomas Novak Zach Benson Michael Carcone 21 1 2 2
5 vs 5 Defense
Defense Defense Time % Phy DF OF
1 Artem Zub Mattias Samuelsson 35 1 3 1
2 Parker Wotherspoon Henri Jokiharju 35 1 3 1
3 Jordan Harris Dante Fabbro 30 1 3 1
4 Dante Fabbro Artem Zub 0 1 3 1
PowerPlay Forward
Center Left Wing Right Wing Time % Phy DF OF
1 Colton Sissons Max Pacioretty Tyson Foerster 50 1 1 3
2 Ryan Johansen Zach Benson Pius Suter 50 1 1 3
PowerPlay Defense
Defense Defense Time % Phy DF OF
1 Dante Fabbro Artem Zub 50 1 1 3
2 Mattias Samuelsson Parker Wotherspoon 50 2 2 1
Penalty Kill 4 Players Forward
Center Wing Time % Phy DF OF
1 Colton Sissons Brett Leason 50 1 2 2
2 Ryan Johansen Tyson Foerster 50 1 2 2
Penalty Kill 4 Players Defense
Defense Defense Time % Phy DF OF
1 Dante Fabbro Artem Zub 50 2 2 1
2 Jordan Harris Parker Wotherspoon 50 1 2 2
Penalty Kill - 3 Players Forward
Forward Time % Phy DF OF
1 Colton Sissons 50 1 2 2
2 Ryan Johansen 50 1 2 2
Penalty Kill - 3 Players Defense
Defense Defense Time % Phy DF OF
1 Dante Fabbro Artem Zub 50 1 2 2
2 Parker Wotherspoon Henri Jokiharju 50 1 2 2
4 vs 4 Forward
Center Wing Time % Phy DF OF
1 Colton Sissons Tyson Foerster 50 1 2 2
2 Ryan Johansen Pius Suter 50 1 2 2
4 vs 4 Defense
Defense Defense Time % Phy DF OF
1 Artem Zub Dante Fabbro 50 2 2 1
2 Parker Wotherspoon Mattias Samuelsson 50 1 2 2
Last Minutes Offensive
Center Left Wing Right Wing Defense Defense
Colton Sissons Pius Suter Tyson Foerster Dante Fabbro Jordan Harris
Last Minutes Defensive
Center Left Wing Right Wing Defense Defense
Colton Sissons Pius Suter Brett Leason Mattias Samuelsson Artem Zub
Goaltenders
Starting : Anthony Stolarz
Backup : Samuel Ersson
Extra Forwards
Normal : Leo Carlsson, Zach Benson, Colton Sissons - PP : Tyson Foerster, Pius Suter - PK : Jack Drury
Extra Defensemen
Normal : Artem Zub, Dante Fabbro, Parker Wotherspoon - PP : Parker Wotherspoon - PK : Artem Zub, Dante Fabbro
Penalty Shots
Thomas Novak, Leo Carlsson, Pius Suter, Colton Sissons, Max Pacioretty
Scratches
Jesper Boqvist (Healthy), Jakub Voracek (Healthy), Simon Benoit (Suspend), Semyon Varlamov (Healthy), Mads Sogaard (Healthy)
% Time on Ice - St.Louis Blues
Lines # - Real PCT - Wanted PCT - Time Play
Normal Forward
1 - 37% - 40% - 18:35
2 - 28% - 30% - 14:07
3 - 22% - 25% - 10:53
4 - 13% - 5% - 6:21
Normal Defense
1 - 44% - 45% - 21:47
2 - 33% - 35% - 16:40
3 - 23% - 20% - 11:29
4 - 0% - 0% - 0:00
PP Forward
1 - 73% - 60% - 4:29
2 - 27% - 40% - 1:37
PP Defense
1 - 76% - 60% - 4:38
2 - 24% - 40% - 1:28
PK Forward
1 - 52% - 50% - 2:03
2 - 48% - 50% - 1:55
PK Defense
1 - 49% - 50% - 1:57
2 - 51% - 50% - 2:01
PK3 Forward
1 - 0% - 50%
2 - 0% - 50%
PK3 Defense
1 - 0% - 50%
2 - 0% - 50%
44 Forward
1 - 100% - 50% - 0:06
2 - 0% - 50% - 0:00
44 Defense
1 - 100% - 50% - 0:06
2 - 0% - 50% - 0:00
Last Minute Offensive - 0:00
Last Minute Defensive - 0:00
Total
Forward - 60:06
Defense - 60:06
|
% Time on Ice - Nashville Predators
Lines # - Real PCT - Wanted PCT - Time Play
Normal Forward
1 - 28% - 27% - 14:13
2 - 26% - 27% - 12:56
3 - 24% - 25% - 12:05
4 - 21% - 21% - 10:42
Normal Defense
1 - 35% - 35% - 17:36
2 - 35% - 35% - 17:26
3 - 30% - 30% - 14:54
4 - 0% - 0% - 0:00
PP Forward
1 - 50% - 50% - 2:00
2 - 50% - 50% - 1:58
PP Defense
1 - 47% - 50% - 1:52
2 - 53% - 50% - 2:06
PK Forward
1 - 51% - 50% - 3:08
2 - 49% - 50% - 2:58
PK Defense
1 - 45% - 50% - 2:45
2 - 55% - 50% - 3:21
PK3 Forward
1 - 0% - 50%
2 - 0% - 50%
PK3 Defense
1 - 0% - 50%
2 - 0% - 50%
44 Forward
1 - 100% - 50% - 0:06
2 - 0% - 50% - 0:00
44 Defense
1 - 100% - 50% - 0:06
2 - 0% - 50% - 0:00
Last Minute Offensive - 0:00
Last Minute Defensive - 0:00
Total
Forward - 60:06
Defense - 60:06
|
Play-by-Play
1st period
0:01 of 1st period - Colton Sissons wins face-off versus Jack Eichel in neutral zone.
0:04 of 1st period - Wrist shot by Pius Suter.
0:04 of 1st period - Shot Misses the Net.
0:06 of 1st period - Snap shot by Colton Sissons.
0:06 of 1st period - Shot Blocked by Alex Pietrangelo.
0:08 of 1st period - Snap shot by Artem Zub.
0:08 of 1st period - Deflect By Pius Suter.
0:08 of 1st period - Stopped by Scott Wedgewood with a rebound.
0:13 of 1st period - Minor Penalty to Pius Suter for Holding.
0:14 of 1st period - Colton Sissons wins face-off versus Jake Guentzel in Nashville Predators zone.
0:24 of 1st period - Dante Fabbro is hit by Claude Giroux.
0:40 of 1st period - Claude Giroux is hit by Artem Zub and loses puck.
1:41 of 1st period - Icing by Alex Tuch.
1:42 of 1st period - Ryan Johansen wins face-off versus Elias Lindholm in St.Louis Blues zone.
2:13 of 1st period - Penalty to Pius Suter is over, Pius Suter is back on ice.
2:36 of 1st period - Icing by Dakota Joshua.
2:37 of 1st period - Lars Eller wins face-off versus Ryan Johansen in St.Louis Blues zone.
2:37 of 1st period - Lars Eller is hit by Tyson Foerster.
2:43 of 1st period - Wrist shot by Mark Stone.
2:43 of 1st period - Shot Misses the Net.
2:53 of 1st period - Slapshot by Jack Eichel.
2:53 of 1st period - Stopped by Anthony Stolarz without a rebound.
2:54 of 1st period - Robert Thomas wins face-off versus Jack Drury in Nashville Predators zone.
3:21 of 1st period - Tyson Foerster is hit by Nick Leddy and loses puck.
3:28 of 1st period - Snap shot by Mark Stone.
3:28 of 1st period - Deflect By Elias Pettersson.
3:28 of 1st period - Shot Misses the Net.
3:28 of 1st period - Puck is out of play.
3:29 of 1st period - Colton Sissons wins face-off versus Claude Giroux in Nashville Predators zone.
4:07 of 1st period - Slapshot by Mark Stone.
4:07 of 1st period - Deflect By Jack Eichel.
4:07 of 1st period - Stopped by Anthony Stolarz without a rebound.
4:08 of 1st period - Jake Guentzel wins face-off versus Thomas Novak in Nashville Predators zone.
4:15 of 1st period - Wrist shot by Michael Carcone.
4:15 of 1st period - Stopped by Scott Wedgewood without a rebound.
4:16 of 1st period - Thomas Novak wins face-off versus Tage Thompson in St.Louis Blues zone.
5:22 of 1st period - Colton Parayko is hit by Colton Sissons and loses puck.
6:27 of 1st period - Wrist shot by Thomas Novak.
6:27 of 1st period - Deflect By Zach Benson.
6:27 of 1st period - Shot Blocked by Jake Sanderson.
6:27 of 1st period - Puck is out of play.
6:28 of 1st period - Robert Thomas wins face-off versus Ryan Johansen in St.Louis Blues zone.
7:04 of 1st period - Slapshot by Colton Sissons.
7:04 of 1st period - Shot Misses the Net.
7:20 of 1st period - Parker Wotherspoon is hit by Dakota Joshua.
7:26 of 1st period - Wrist shot by Logan O'Connor.
7:26 of 1st period - Shot Misses the Net.
7:42 of 1st period - Mattias Samuelsson is hit by Mark Stone and loses puck.
7:58 of 1st period - Snap shot by Robert Thomas.
7:58 of 1st period - Shot Misses the Net.
8:16 of 1st period - Wrist shot by Jack Drury.
8:16 of 1st period - Shot Misses the Net.
8:56 of 1st period - Snap shot by Colton Sissons.
8:56 of 1st period - Shot Misses the Net.
9:02 of 1st period - Pius Suter is hit by Dakota Joshua and loses puck.
9:13 of 1st period - Thomas Novak is hit by Alex Pietrangelo.
9:42 of 1st period - Dante Fabbro is hit by Elias Pettersson and loses puck.
9:57 of 1st period - Wrist shot by Elias Lindholm.
9:57 of 1st period - Shot Misses the Net.
10:13 of 1st period - Brett Leason is hit by Tage Thompson and loses puck.
10:22 of 1st period - Brett Leason is hit by Jake Guentzel and loses puck.
11:03 of 1st period - Snap shot by Colton Sissons.
11:03 of 1st period - Stopped by Scott Wedgewood with a rebound.
11:05 of 1st period - Slapshot by Artem Zub.
11:05 of 1st period - Shot Misses the Net.
11:47 of 1st period - Snap shot by Robert Thomas.
11:47 of 1st period - Goal by Robert Thomas - St.Louis Blues : 1 - Nashville Predators : 0.
11:48 of 1st period - Colton Sissons wins face-off versus Jack Eichel in neutral zone.
11:54 of 1st period - Pius Suter is hit by Alex Pietrangelo.
12:00 of 1st period - Snap shot by Colton Sissons.
12:00 of 1st period - Stopped by Scott Wedgewood with a rebound.
12:22 of 1st period - Snap shot by Alex Tuch.
12:22 of 1st period - Goal by Alex Tuch - St.Louis Blues : 2 - Nashville Predators : 0.
12:23 of 1st period - Jack Eichel wins face-off versus Ryan Johansen in neutral zone.
13:21 of 1st period - Elias Lindholm is hit by Artem Zub and loses puck.
13:34 of 1st period - Slapshot by Jack Eichel.
13:34 of 1st period - Shot Misses the Net.
13:50 of 1st period - Mattias Samuelsson is hit by Elias Pettersson and loses puck.
14:09 of 1st period - Slapshot by Zach Benson.
14:09 of 1st period - Stopped by Scott Wedgewood without a rebound.
14:10 of 1st period - Robert Thomas wins face-off versus Ryan Johansen in St.Louis Blues zone.
14:10 of 1st period - Robert Thomas is hit by Ryan Johansen.
14:25 of 1st period - Minor Penalty to Parker Wotherspoon for Delaying the game.
14:26 of 1st period - Robert Thomas wins face-off versus Tyson Foerster in Nashville Predators zone.
14:40 of 1st period - Snap shot by Elias Pettersson.
14:40 of 1st period - Stopped by Anthony Stolarz with a rebound.
14:42 of 1st period - Slapshot by Robert Thomas.
14:42 of 1st period - Stopped by Anthony Stolarz without a rebound.
14:43 of 1st period - Robert Thomas wins face-off versus Colton Sissons in Nashville Predators zone.
14:52 of 1st period - Slapshot by Brett Leason.
14:52 of 1st period - Shot Misses the Net.
14:58 of 1st period - Slapshot by Brett Leason.
14:58 of 1st period - Goal by Brett Leason - St.Louis Blues : 2 - Nashville Predators : 1.
14:59 of 1st period - Tyson Foerster wins face-off versus Jake Guentzel in neutral zone.
15:17 of 1st period - Icing by Elias Pettersson.
15:18 of 1st period - Colton Sissons wins face-off versus Robert Thomas in St.Louis Blues zone.
15:34 of 1st period - Slapshot by Elias Pettersson.
15:34 of 1st period - Shot Blocked by Brett Leason.
15:36 of 1st period - Slapshot by Claude Giroux.
15:36 of 1st period - Shot Misses the Net.
15:38 of 1st period - Snap shot by Robert Thomas.
15:38 of 1st period - Shot Blocked by Jordan Harris.
15:40 of 1st period - Snap shot by Jake Guentzel.
15:40 of 1st period - Stopped by Anthony Stolarz with a rebound.
16:12 of 1st period - Slapshot by Robert Thomas.
16:12 of 1st period - Shot Misses the Net.
16:18 of 1st period - Snap shot by Jake Guentzel.
16:18 of 1st period - Deflect By Elias Pettersson.
16:18 of 1st period - Shot Misses the Net.
16:18 of 1st period - Puck is out of play.
16:19 of 1st period - Elias Lindholm wins face-off versus Colton Sissons in Nashville Predators zone.
16:25 of 1st period - Penalty to Parker Wotherspoon is over, Parker Wotherspoon is back on ice.
16:56 of 1st period - Elias Lindholm is hit by Brett Leason and loses puck.
17:05 of 1st period - Slapshot by Alex Pietrangelo.
17:05 of 1st period - Shot Blocked by Dante Fabbro.
17:07 of 1st period - Snap shot by Alex Pietrangelo.
17:07 of 1st period - Shot Blocked by Henri Jokiharju.
17:09 of 1st period - Snap shot by Mark Stone.
17:09 of 1st period - Stopped by Anthony Stolarz with a rebound.
17:13 of 1st period - Wrist shot by Mark Stone.
17:13 of 1st period - Shot Misses the Net.
17:15 of 1st period - Slapshot by Elias Lindholm.
17:15 of 1st period - Stopped by Anthony Stolarz with a rebound.
17:17 of 1st period - Slapshot by Alex Pietrangelo.
17:17 of 1st period - Stopped by Anthony Stolarz without a rebound.
17:18 of 1st period - Lars Eller wins face-off versus Ryan Johansen in Nashville Predators zone.
17:19 of 1st period - Wrist shot by Dakota Joshua.
17:19 of 1st period - Goal by Dakota Joshua - St.Louis Blues : 3 - Nashville Predators : 1.
17:20 of 1st period - Dakota Joshua wins face-off versus Tyson Foerster in neutral zone.
17:33 of 1st period - Snap shot by Tyson Foerster.
17:33 of 1st period - Shot Misses the Net.
17:35 of 1st period - Wrist shot by Leo Carlsson.
17:35 of 1st period - Shot Blocked by Logan O'Connor.
17:41 of 1st period - Minor Penalty to Logan O'Connor for Holding.
17:42 of 1st period - Lars Eller wins face-off versus Colton Sissons in St.Louis Blues zone.
18:42 of 1st period - Wrist shot by Elias Lindholm.
18:42 of 1st period - Shot Blocked by Mattias Samuelsson.
19:39 of 1st period - Parker Wotherspoon is hit by Elias Pettersson and loses puck.
19:41 of 1st period - Penalty to Logan O'Connor is over, Logan O'Connor is back on ice.
19:54 of 1st period - Snap shot by Elias Pettersson.
19:54 of 1st period - Shot Misses the Net.
Goals for this period are 3 for St.Louis Blues vs 1 for Nashville Predators.
Shots for this period are 11 for St.Louis Blues vs 6 for Nashville Predators.
2nd period
0:01 of 2nd period - Jack Eichel wins face-off versus Jack Drury in neutral zone.
0:14 of 2nd period - Snap shot by Elias Pettersson.
0:14 of 2nd period - Shot Blocked by Henri Jokiharju.
0:26 of 2nd period - Henri Jokiharju is hit by Colton Parayko and loses puck.
1:05 of 2nd period - Wrist shot by Tyson Foerster.
1:05 of 2nd period - Shot Misses the Net.
1:07 of 2nd period - Snap shot by Ryan Johansen.
1:07 of 2nd period - Stopped by Scott Wedgewood with a rebound.
1:50 of 2nd period - Snap shot by Tyson Foerster.
1:50 of 2nd period - Stopped by Scott Wedgewood without a rebound.
1:51 of 2nd period - Jack Eichel wins face-off versus Jack Drury in St.Louis Blues zone.
2:27 of 2nd period - Robert Thomas is hit by Pius Suter and loses puck.
3:11 of 2nd period - Mikhail Sergachev is hit by Artem Zub and loses puck.
3:41 of 2nd period - Off-side.
3:42 of 2nd period - Jack Eichel wins face-off versus Colton Sissons in neutral zone.
4:22 of 2nd period - Minor Penalty to Tage Thompson for Hooking.
4:23 of 2nd period - Elias Lindholm wins face-off versus Ryan Johansen in St.Louis Blues zone.
4:53 of 2nd period - Dakota Joshua is hit by Max Pacioretty and loses puck.
6:22 of 2nd period - Penalty to Tage Thompson is over, Tage Thompson is back on ice.
7:19 of 2nd period - Off-side.
7:20 of 2nd period - Thomas Novak wins face-off versus Jack Eichel in neutral zone.
8:45 of 2nd period - Snap shot by Robert Thomas.
8:45 of 2nd period - Shot Misses the Net.
9:05 of 2nd period - Snap shot by Michael Carcone.
9:05 of 2nd period - Stopped by Scott Wedgewood without a rebound.
9:06 of 2nd period - Ryan Johansen wins face-off versus Jack Eichel in St.Louis Blues zone.
9:13 of 2nd period - Wrist shot by Tyson Foerster.
9:13 of 2nd period - Shot Misses the Net.
9:23 of 2nd period - Wrist shot by Elias Pettersson.
9:23 of 2nd period - Deflect By Jack Eichel.
9:23 of 2nd period - Stopped by Anthony Stolarz without a rebound.
9:24 of 2nd period - Claude Giroux wins face-off versus Colton Sissons in Nashville Predators zone.
9:33 of 2nd period - Snap shot by Elias Lindholm.
9:33 of 2nd period - Deflect By Alex Tuch.
9:33 of 2nd period - Shot Misses the Net.
9:33 of 2nd period - Puck is out of play.
9:34 of 2nd period - Colton Sissons wins face-off versus Claude Giroux in Nashville Predators zone.
9:53 of 2nd period - Slapshot by Alex Pietrangelo.
9:53 of 2nd period - Shot Misses the Net.
9:55 of 2nd period - Snap shot by Elias Lindholm.
9:55 of 2nd period - Stopped by Anthony Stolarz without a rebound.
9:56 of 2nd period - Leo Carlsson wins face-off versus Mark Stone in Nashville Predators zone.
10:05 of 2nd period - Wrist shot by Ryan Johansen.
10:05 of 2nd period - Stopped by Scott Wedgewood with a rebound.
10:07 of 2nd period - Slapshot by Artem Zub.
10:07 of 2nd period - Shot Blocked by Colton Parayko.
10:09 of 2nd period - Backhand shot by Tyson Foerster.
10:09 of 2nd period - Shot Misses the Net.
10:11 of 2nd period - Slapshot by Artem Zub.
10:11 of 2nd period - Shot Misses the Net.
10:30 of 2nd period - Snap shot by Josh Doan.
10:30 of 2nd period - Shot Blocked by Elias Lindholm.
10:48 of 2nd period - Backhand shot by Robert Thomas.
10:48 of 2nd period - Shot Misses the Net.
11:20 of 2nd period - Slapshot by Mark Stone.
11:20 of 2nd period - Stopped by Anthony Stolarz without a rebound.
11:21 of 2nd period - Jack Eichel wins face-off versus Ryan Johansen in Nashville Predators zone.
11:22 of 2nd period - Snap shot by Elias Pettersson.
11:22 of 2nd period - Shot Blocked by Leo Carlsson.
11:30 of 2nd period - Snap shot by Elias Pettersson.
11:30 of 2nd period - Stopped by Anthony Stolarz without a rebound.
11:31 of 2nd period - Jack Drury wins face-off versus Jack Eichel in Nashville Predators zone.
12:09 of 2nd period - Wrist shot by Elias Lindholm.
12:09 of 2nd period - Shot Misses the Net.
12:32 of 2nd period - Snap shot by Max Pacioretty.
12:32 of 2nd period - Shot Misses the Net.
12:34 of 2nd period - Snap shot by Pius Suter.
12:34 of 2nd period - Shot Blocked by Colton Parayko.
12:36 of 2nd period - Slapshot by Max Pacioretty.
12:36 of 2nd period - Stopped by Scott Wedgewood with a rebound.
12:42 of 2nd period - Slapshot by Colton Sissons.
12:42 of 2nd period - Shot Misses the Net.
12:48 of 2nd period - Slapshot by Colton Sissons.
12:48 of 2nd period - Stopped by Scott Wedgewood with a rebound.
12:50 of 2nd period - Snap shot by Pius Suter.
12:50 of 2nd period - Stopped by Scott Wedgewood without a rebound.
12:51 of 2nd period - Ryan Johansen wins face-off versus Jack Eichel in St.Louis Blues zone.
13:00 of 2nd period - Slapshot by Ryan Johansen.
13:00 of 2nd period - Stopped by Scott Wedgewood with a rebound.
13:02 of 2nd period - Snap shot by Leo Carlsson.
13:02 of 2nd period - Stopped by Scott Wedgewood with a rebound.
13:12 of 2nd period - Jake Sanderson is hit by Dante Fabbro and loses puck.
13:23 of 2nd period - Dante Fabbro is hit by Tage Thompson and loses puck.
13:52 of 2nd period - Wrist shot by Lars Eller.
13:52 of 2nd period - Stopped by Anthony Stolarz without a rebound.
13:53 of 2nd period - Claude Giroux wins face-off versus Ryan Johansen in Nashville Predators zone.
14:08 of 2nd period - Snap shot by Claude Giroux.
14:08 of 2nd period - Shot Misses the Net.
14:14 of 2nd period - Mikhail Sergachev is hit by Artem Zub and loses puck.
14:53 of 2nd period - Slapshot by Robert Thomas.
14:53 of 2nd period - Stopped by Anthony Stolarz with a rebound.
14:55 of 2nd period - Snap shot by Tage Thompson.
14:55 of 2nd period - Deflect By Robert Thomas.
14:55 of 2nd period - Goal by Robert Thomas - St.Louis Blues : 4 - Nashville Predators : 1.
14:56 of 2nd period - Jack Eichel wins face-off versus Leo Carlsson in neutral zone.
14:56 of 2nd period - Jack Eichel is hit by Leo Carlsson.
15:08 of 2nd period - Snap shot by Leo Carlsson.
15:08 of 2nd period - Stopped by Scott Wedgewood with a rebound.
15:34 of 2nd period - Alex Pietrangelo is hit by Brett Leason.
16:03 of 2nd period - Icing by Colton Sissons.
16:04 of 2nd period - Lars Eller wins face-off versus Thomas Novak in Nashville Predators zone.
16:09 of 2nd period - Snap shot by Lars Eller.
16:09 of 2nd period - Stopped by Anthony Stolarz with a rebound.
16:42 of 2nd period - Ryan Johansen is hit by Elias Pettersson and loses puck.
17:59 of 2nd period - Wrist shot by Jack Drury.
17:59 of 2nd period - Shot Misses the Net.
18:21 of 2nd period - Wrist shot by Ryan Johansen.
18:21 of 2nd period - Shot Misses the Net.
18:37 of 2nd period - Wrist shot by Colton Sissons.
18:37 of 2nd period - Stopped by Scott Wedgewood without a rebound.
18:38 of 2nd period - Ryan Johansen wins face-off versus Jack Eichel in St.Louis Blues zone.
18:41 of 2nd period - Slapshot by Tyson Foerster.
18:41 of 2nd period - Stopped by Scott Wedgewood with a rebound.
18:47 of 2nd period - Elias Pettersson is hit by Ryan Johansen and loses puck.
19:04 of 2nd period - Jack Drury is hit by Jaccob Slavin and loses puck.
19:33 of 2nd period - Slapshot by Colton Sissons.
19:33 of 2nd period - Deflect By Pius Suter.
19:33 of 2nd period - Shot Blocked by Mikhail Sergachev.
19:33 of 2nd period - Puck is out of play.
19:34 of 2nd period - Jack Eichel wins face-off versus Colton Sissons in St.Louis Blues zone.
19:34 of 2nd period - Jack Eichel is hit by Pius Suter.
19:46 of 2nd period - Snap shot by Jake Sanderson.
19:46 of 2nd period - Shot Misses the Net.
Goals for this period are 1 for St.Louis Blues vs 0 for Nashville Predators.
Shots for this period are 8 for St.Louis Blues vs 12 for Nashville Predators.
3rd period
0:01 of 3rd period - Ryan Johansen wins face-off versus Jack Eichel in neutral zone.
0:11 of 3rd period - Icing by Mattias Samuelsson.
0:12 of 3rd period - Ryan Johansen wins face-off versus Jack Eichel in Nashville Predators zone.
0:24 of 3rd period - Off-side.
0:25 of 3rd period - Jack Eichel wins face-off versus Jack Drury in neutral zone.
0:28 of 3rd period - Josh Doan is hit by Jack Eichel and loses puck.
0:35 of 3rd period - Wrist shot by Elias Pettersson.
0:35 of 3rd period - Shot Misses the Net.
0:37 of 3rd period - Slapshot by Colton Parayko.
0:37 of 3rd period - Stopped by Anthony Stolarz with a rebound.
0:39 of 3rd period - Snap shot by Jack Eichel.
0:39 of 3rd period - Stopped by Anthony Stolarz with a rebound.
0:41 of 3rd period - Slapshot by Colton Parayko.
0:41 of 3rd period - Stopped by Anthony Stolarz with a rebound.
0:51 of 3rd period - Alex Pietrangelo is hit by Mattias Samuelsson and loses puck.
1:00 of 3rd period - Snap shot by Max Pacioretty.
1:00 of 3rd period - Shot Misses the Net.
1:02 of 3rd period - Snap shot by Colton Sissons.
1:02 of 3rd period - Goal by Colton Sissons - St.Louis Blues : 4 - Nashville Predators : 2.
1:03 of 3rd period - Ryan Johansen wins face-off versus Jack Eichel in neutral zone.
1:12 of 3rd period - Snap shot by Mark Stone.
1:12 of 3rd period - Deflect By Tyson Foerster.
1:12 of 3rd period - Stopped by Anthony Stolarz with a rebound.
1:32 of 3rd period - Snap shot by Tyson Foerster.
1:32 of 3rd period - Stopped by Scott Wedgewood with a rebound.
1:34 of 3rd period - Wrist shot by Josh Doan.
1:34 of 3rd period - Shot Misses the Net.
1:36 of 3rd period - Snap shot by Dante Fabbro.
1:36 of 3rd period - Deflect By Josh Doan.
1:36 of 3rd period - Stopped by Scott Wedgewood with a rebound.
1:38 of 3rd period - Slapshot by Dante Fabbro.
1:38 of 3rd period - Shot Blocked by Colton Parayko.
1:40 of 3rd period - Snap shot by Jordan Harris.
1:40 of 3rd period - Shot Blocked by Colton Parayko.
1:42 of 3rd period - Wrist shot by Brett Leason.
1:42 of 3rd period - Shot Misses the Net.
2:00 of 3rd period - Wrist shot by Alex Tuch.
2:00 of 3rd period - Shot Misses the Net.
2:02 of 3rd period - Slapshot by Claude Giroux.
2:02 of 3rd period - Deflect By Alex Tuch.
2:02 of 3rd period - Stopped by Anthony Stolarz with a rebound.
2:04 of 3rd period - Wrist shot by Elias Lindholm.
2:04 of 3rd period - Stopped by Anthony Stolarz without a rebound.
2:05 of 3rd period - Jack Eichel wins face-off versus Jack Drury in Nashville Predators zone.
3:25 of 3rd period - Wrist shot by Thomas Novak.
3:25 of 3rd period - Goal by Thomas Novak - St.Louis Blues : 4 - Nashville Predators : 3.
3:26 of 3rd period - Jack Drury wins face-off versus Jack Eichel in neutral zone.
3:31 of 3rd period - Snap shot by Josh Doan.
3:31 of 3rd period - Shot Hit the Post.
3:43 of 3rd period - Minor Penalty to Parker Wotherspoon for High sticking.
3:44 of 3rd period - Robert Thomas wins face-off versus Colton Sissons in Nashville Predators zone.
3:52 of 3rd period - Wrist shot by Elias Pettersson.
3:52 of 3rd period - Goal by Elias Pettersson - St.Louis Blues : 5 - Nashville Predators : 3.
3:53 of 3rd period - Colton Sissons wins face-off versus Jack Eichel in neutral zone.
4:10 of 3rd period - Wrist shot by Jack Eichel.
4:10 of 3rd period - Goal by Jack Eichel - St.Louis Blues : 6 - Nashville Predators : 3.
4:11 of 3rd period - Ryan Johansen wins face-off versus Jack Eichel in neutral zone.
4:20 of 3rd period - Wrist shot by Jack Eichel.
4:20 of 3rd period - Deflect By Elias Pettersson.
4:20 of 3rd period - Stopped by Anthony Stolarz with a rebound.
4:22 of 3rd period - Slapshot by Mark Stone.
4:22 of 3rd period - Shot Blocked by Parker Wotherspoon.
4:34 of 3rd period - Jack Drury is hit by Colton Parayko.
4:44 of 3rd period - Parker Wotherspoon is hit by Alex Pietrangelo and loses puck.
6:02 of 3rd period - Slapshot by Jack Drury.
6:02 of 3rd period - Stopped by Scott Wedgewood without a rebound.
6:03 of 3rd period - Josh Doan wins face-off versus Mark Stone in St.Louis Blues zone.
6:39 of 3rd period - Slapshot by Jack Eichel.
6:39 of 3rd period - Shot Misses the Net.
6:41 of 3rd period - Snap shot by Elias Pettersson.
6:41 of 3rd period - Shot Misses the Net.
6:53 of 3rd period - Wrist shot by Mark Stone.
6:53 of 3rd period - Stopped by Anthony Stolarz with a rebound.
7:09 of 3rd period - Snap shot by Jack Eichel.
7:09 of 3rd period - Stopped by Anthony Stolarz without a rebound.
7:10 of 3rd period - Robert Thomas wins face-off versus Colton Sissons in Nashville Predators zone.
7:19 of 3rd period - Slapshot by Jake Guentzel.
7:19 of 3rd period - Shot Blocked by Pius Suter.
7:21 of 3rd period - Snap shot by Robert Thomas.
7:21 of 3rd period - Stopped by Anthony Stolarz with a rebound.
7:23 of 3rd period - Slapshot by Alex Pietrangelo.
7:23 of 3rd period - Shot Misses the Net.
7:25 of 3rd period - Slapshot by Alex Pietrangelo.
7:25 of 3rd period - Shot Misses the Net.
7:27 of 3rd period - Slapshot by Colton Parayko.
7:27 of 3rd period - Stopped by Anthony Stolarz without a rebound.
7:28 of 3rd period - Claude Giroux wins face-off versus Thomas Novak in Nashville Predators zone.
7:31 of 3rd period - Slapshot by Elias Lindholm.
7:31 of 3rd period - Shot Misses the Net.
9:12 of 3rd period - Josh Doan is hit by Logan O'Connor and loses puck.
9:30 of 3rd period - Wrist shot by Robert Thomas.
9:30 of 3rd period - Stopped by Anthony Stolarz without a rebound.
9:31 of 3rd period - Jack Eichel wins face-off versus Max Pacioretty in Nashville Predators zone.
9:39 of 3rd period - Off-side.
9:40 of 3rd period - Jack Eichel wins face-off versus Ryan Johansen in neutral zone.
9:50 of 3rd period - Icing by Tyson Foerster.
9:51 of 3rd period - Jack Eichel wins face-off versus Ryan Johansen in Nashville Predators zone.
10:19 of 3rd period - Snap shot by Thomas Novak.
10:19 of 3rd period - Shot Misses the Net.
10:21 of 3rd period - Backhand shot by Michael Carcone.
10:21 of 3rd period - Shot Hit the Post.
10:23 of 3rd period - Slapshot by Artem Zub.
10:23 of 3rd period - Stopped by Scott Wedgewood with a rebound.
10:25 of 3rd period - Snap shot by Artem Zub.
10:25 of 3rd period - Stopped by Scott Wedgewood with a rebound.
10:27 of 3rd period - Slapshot by Artem Zub.
10:27 of 3rd period - Stopped by Scott Wedgewood without a rebound.
10:28 of 3rd period - Colton Sissons wins face-off versus Jack Eichel in St.Louis Blues zone.
10:55 of 3rd period - Henri Jokiharju is hit by Alex Tuch and loses puck.
11:06 of 3rd period - Wrist shot by Claude Giroux.
11:06 of 3rd period - Stopped by Anthony Stolarz without a rebound.
11:07 of 3rd period - Ryan Johansen wins face-off versus Jack Eichel in Nashville Predators zone.
11:14 of 3rd period - Slapshot by Jack Eichel.
11:14 of 3rd period - Stopped by Anthony Stolarz without a rebound.
11:15 of 3rd period - Jack Eichel wins face-off versus Ryan Johansen in Nashville Predators zone.
11:40 of 3rd period - Colton Sissons is hit by Tage Thompson and loses puck.
12:30 of 3rd period - Wrist shot by Claude Giroux.
12:30 of 3rd period - Shot Misses the Net.
12:32 of 3rd period - Slapshot by Jake Sanderson.
12:32 of 3rd period - Deflect By Claude Giroux.
12:32 of 3rd period - Stopped by Anthony Stolarz with a rebound.
12:34 of 3rd period - Slapshot by Jaccob Slavin.
12:34 of 3rd period - Stopped by Anthony Stolarz with a rebound.
12:36 of 3rd period - Snap shot by Jaccob Slavin.
12:36 of 3rd period - Shot Blocked by Zach Benson.
12:38 of 3rd period - Wrist shot by Claude Giroux.
12:38 of 3rd period - Shot Blocked by Michael Carcone.
13:10 of 3rd period - Colton Sissons is hit by Logan O'Connor and loses puck.
13:21 of 3rd period - Pius Suter is hit by Colton Parayko and loses puck.
13:36 of 3rd period - Backhand shot by Elias Lindholm.
13:36 of 3rd period - Stopped by Anthony Stolarz with a rebound.
13:38 of 3rd period - Snap shot by Claude Giroux.
13:38 of 3rd period - Stopped by Anthony Stolarz without a rebound.
13:39 of 3rd period - Claude Giroux wins face-off versus Ryan Johansen in Nashville Predators zone.
13:42 of 3rd period - Wrist shot by Elias Lindholm.
13:42 of 3rd period - Shot Misses the Net.
13:44 of 3rd period - Wrist shot by Alex Tuch.
13:44 of 3rd period - Deflect By Leo Carlsson.
13:44 of 3rd period - Stopped by Anthony Stolarz without a rebound.
13:45 of 3rd period - Ryan Johansen wins face-off versus Jack Eichel in Nashville Predators zone.
13:54 of 3rd period - Backhand shot by Ryan Johansen.
13:54 of 3rd period - Stopped by Scott Wedgewood with a rebound.
13:56 of 3rd period - Slapshot by Tyson Foerster.
13:56 of 3rd period - Deflect By Leo Carlsson.
13:56 of 3rd period - Stopped by Scott Wedgewood with a rebound.
13:58 of 3rd period - Snap shot by Dante Fabbro.
13:58 of 3rd period - Shot Blocked by Jaccob Slavin.
14:00 of 3rd period - Slapshot by Jordan Harris.
14:00 of 3rd period - Deflect By Ryan Johansen.
14:00 of 3rd period - Shot Blocked by Jaccob Slavin.
14:00 of 3rd period - Puck is out of play.
14:01 of 3rd period - Robert Thomas wins face-off versus Thomas Novak in St.Louis Blues zone.
14:52 of 3rd period - Mark Stone is hit by Max Pacioretty and loses puck.
15:26 of 3rd period - Wrist shot by Pius Suter.
15:26 of 3rd period - Stopped by Scott Wedgewood with a rebound.
15:28 of 3rd period - Backhand shot by Parker Wotherspoon.
15:28 of 3rd period - Shot Blocked by Mark Stone.
15:30 of 3rd period - Slapshot by Parker Wotherspoon.
15:30 of 3rd period - Stopped by Scott Wedgewood with a rebound.
15:32 of 3rd period - Slapshot by Parker Wotherspoon.
15:32 of 3rd period - Stopped by Scott Wedgewood with a rebound.
15:34 of 3rd period - Snap shot by Pius Suter.
15:34 of 3rd period - Deflect By Max Pacioretty.
15:34 of 3rd period - Stopped by Scott Wedgewood with a rebound.
15:36 of 3rd period - Snap shot by Max Pacioretty.
15:36 of 3rd period - Goal by Max Pacioretty - St.Louis Blues : 6 - Nashville Predators : 4.
15:37 of 3rd period - Claude Giroux wins face-off versus Jack Drury in neutral zone.
16:20 of 3rd period - Minor Penalty to Dante Fabbro for Roughing.
16:21 of 3rd period - Robert Thomas wins face-off versus Ryan Johansen in Nashville Predators zone.
16:34 of 3rd period - Slapshot by Jack Eichel.
16:34 of 3rd period - Shot Misses the Net.
16:42 of 3rd period - Slapshot by Brett Leason.
16:42 of 3rd period - Goal by Brett Leason - St.Louis Blues : 6 - Nashville Predators : 5.
16:43 of 3rd period - Ryan Johansen wins face-off versus Robert Thomas in neutral zone.
16:58 of 3rd period - Wrist shot by Colton Sissons.
16:58 of 3rd period - Goal by Colton Sissons - St.Louis Blues : 6 - Nashville Predators : 6.
16:59 of 3rd period - Ryan Johansen wins face-off versus Robert Thomas in neutral zone.
17:10 of 3rd period - Artem Zub is hit by Jake Guentzel and loses puck.
18:20 of 3rd period - Penalty to Dante Fabbro is over, Dante Fabbro is back on ice.
18:37 of 3rd period - Lars Eller is hit by Max Pacioretty and loses puck.
Goals for this period are 2 for St.Louis Blues vs 5 for Nashville Predators.
Shots for this period are 21 for St.Louis Blues vs 17 for Nashville Predators.
Overtime #1
0:01 of 1st overtime period - Colton Sissons wins face-off versus Jack Eichel in neutral zone.
0:06 of 1st overtime period - Snap shot by Tyson Foerster.
0:06 of 1st overtime period - Goal by Tyson Foerster - St.Louis Blues : 6 - Nashville Predators : 7.
Goals for this period are 0 for St.Louis Blues vs 1 for Nashville Predators.
Shots for this period are 0 for St.Louis Blues vs 1 for Nashville Predators.
Back to the Top